General information
- name: BNet
- type: Ladder team game (AT/RT)
- host: Battle.net
- saver: gokuman69
map: Highperch
- players: 6
- length: 102:51
- speed: Fast
- version: 1.21 W3XP
- replay type: Public
» download(502 KB)
Players
team 1 (winner)
erz (
pink | 90 APM | 4059 actions | 45:13)
5 Dark Ranger
2 Black Arrow
3 Silence
1 Pandaren Brewmaster
1 Breath of Fire
» actions
| Assign group hotkey | 1075 | |
| Basic commands | 103 | |
| Build / train | 117 | |
| ESC pressed | 10 | |
| Enter build submenu | 120 | |
| Enter hero's abilities submenu | 6 | |
| Give item / drop item | 8 | |
| Remove unit from queue | 1 | |
| Right click | 1106 | |
| Select / deselect | 508 | |
| Select group hotkey | 706 | |
| Use ability | 299 | |
4059 total
» units
| Peasant | 27 | |
| Mortar Team | 4 | |
| Dragonhawk Rider | 14 | |
45 total
» upgrades
| Masonry | 3 | |
| Magic Sentry | 1 | |
| Fragmentation Shards | 1 | |
| Armor | 2 | |
| Cloud | 1 | |
8 total
» buildings
| Lumber Mill | 5 | |
| Farm | 32 | |
| Altar of Kings | 1 | |
| Scout Tower | 90 | |
| Guard Tower | 44 | |
| Keep | 3 | |
| Town Hall | 1 | |
| Arcane Sanctum | 1 | |
| Castle | 1 | |
| Blacksmith | 1 | |
| Workshop | 4 | |
| Arcane Vault | 3 | |
| Gryphon Aviary | 6 | |
| Barracks | 1 | |
| Arcane Tower | 2 | |
195 total
» build order
00:11 Lumber Mill
00:17 Lumber Mill
00:20 Farm
00:49 Altar of Kings
01:27 Scout Tower
01:29 Scout Tower
01:30 Scout Tower
01:31 Scout Tower
01:36 Farm
01:47 Scout Tower
01:47 Scout Tower
01:49 Scout Tower
01:50 Scout Tower
02:07 Guard Tower
02:21 Guard Tower
02:21 Guard Tower
02:22 Guard Tower
02:28 Scout Tower
02:31 Scout Tower
02:32 Scout Tower
02:34 Guard Tower
03:13 Guard Tower
03:24 Guard Tower
03:37 Scout Tower
03:48 Scout Tower
03:48 Scout Tower
03:49 Guard Tower
03:58 Scout Tower
03:59 Scout Tower
03:59 Scout Tower
04:05 Guard Tower
04:18 Scout Tower
04:19 Scout Tower
04:20 Scout Tower
04:21 Scout Tower
04:22 Scout Tower
04:27 Guard Tower
04:53 Keep
05:19 Guard Tower
05:21 Guard Tower
06:13 Scout Tower
06:14 Scout Tower
06:14 Scout Tower
06:15 Scout Tower
06:15 Scout Tower
06:45 Guard Tower
06:47 Guard Tower
07:14 Scout Tower
07:14 Scout Tower
07:15 Scout Tower
07:15 Scout Tower
08:14 Town Hall
08:46 Arcane Sanctum
08:48 Castle
08:49 Scout Tower
08:50 Scout Tower
08:50 Scout Tower
08:51 Scout Tower
08:51 Scout Tower
09:09 Blacksmith
10:02 Guard Tower
10:04 Scout Tower
10:05 Scout Tower
10:05 Scout Tower
10:06 Scout Tower
10:07 Scout Tower
11:15 Guard Tower
11:40 Workshop
11:45 Scout Tower
11:46 Scout Tower
11:47 Scout Tower
11:47 Scout Tower
11:50 Scout Tower
11:51 Scout Tower
11:52 Scout Tower
11:53 Scout Tower
12:09 Guard Tower
12:21 Arcane Vault
12:24 Guard Tower
12:26 Workshop
12:43 Guard Tower
13:15 Workshop
13:17 Workshop
13:19 Farm
13:23 Farm
13:24 Farm
13:34 Guard Tower
13:52 Guard Tower
14:03 Lumber Mill
15:12 Farm
15:12 Farm
16:43 Guard Tower
17:24 Gryphon Aviary
18:04 Gryphon Aviary
18:27 Farm
18:27 Farm
18:27 Farm
18:28 Farm
18:39 Guard Tower
18:39 Guard Tower
18:39 Guard Tower
18:39 Guard Tower
19:53 Gryphon Aviary
21:02 Barracks
21:03 Farm
21:03 Farm
21:04 Farm
21:57 Scout Tower
21:58 Scout Tower
21:59 Scout Tower
21:59 Scout Tower
21:59 Scout Tower
22:00 Scout Tower
22:54 Guard Tower
23:51 Gryphon Aviary
24:46 Keep
26:29 Arcane Vault
28:13 Lumber Mill
29:28 Farm
29:29 Farm
29:29 Farm
29:30 Farm
29:30 Farm
29:30 Farm
29:44 Farm
29:44 Farm
29:47 Farm
29:47 Farm
30:08 Guard Tower
33:19 Scout Tower
33:20 Scout Tower
33:25 Scout Tower
33:29 Scout Tower
33:31 Scout Tower
33:43 Farm
33:54 Scout Tower
33:56 Scout Tower
34:02 Lumber Mill
34:37 Guard Tower
34:37 Guard Tower
34:37 Guard Tower
34:47 Scout Tower
34:49 Scout Tower
34:49 Scout Tower
34:51 Scout Tower
34:52 Scout Tower
34:53 Scout Tower
34:53 Scout Tower
35:11 Scout Tower
35:12 Scout Tower
35:13 Scout Tower
35:14 Scout Tower
35:15 Scout Tower
35:21 Guard Tower
35:36 Guard Tower
35:45 Keep
35:46 Guard Tower
35:50 Scout Tower
35:51 Scout Tower
35:55 Guard Tower
36:22 Scout Tower
36:22 Scout Tower
36:28 Guard Tower
36:50 Guard Tower
37:07 Guard Tower
37:08 Scout Tower
37:09 Scout Tower
37:10 Scout Tower
37:10 Scout Tower
37:41 Guard Tower
38:02 Scout Tower
38:04 Scout Tower
38:20 Guard Tower
38:32 Guard Tower
38:35 Gryphon Aviary
38:38 Gryphon Aviary
38:48 Farm
38:50 Farm
38:51 Farm
38:57 Farm
38:58 Farm
38:59 Farm
38:59 Farm
39:02 Guard Tower
39:11 Scout Tower
39:12 Scout Tower
39:14 Scout Tower
39:14 Scout Tower
40:10 Arcane Vault
40:17 Arcane Tower
40:59 Arcane Tower
45:04 Scout Tower
» items
| Boots of Speed | 1 | |
| Healing Salve | 1 | |
| Staff of Sanctuary | 1 | |
| Staff of Teleportation | 2 | |
5 total
gokuman69 (
green | 48 APM | 4901 actions | 102:51)
6 Blademaster
3 Wind Walk
2 Critical Strike
1 Bladestorm
2 Pandaren Brewmaster
1 Drunken Haze
1 Breath of Fire
2 Dark Ranger
1 Charm
1 Black Arrow
» actions
| Assign group hotkey | 6 | |
| Basic commands | 3 | |
| Build / train | 95 | |
| Enter build submenu | 70 | |
| Enter hero's abilities submenu | 11 | |
| Give item / drop item | 19 | |
| Remove unit from queue | 9 | |
| Right click | 2908 | |
| Select / deselect | 1286 | |
| Select group hotkey | 106 | |
| Use ability | 387 | |
4901 total
» units
| Peon | 13 | |
| Wind Rider | 6 | |
| Troll Batrider | 13 | |
| Dragonhawk Rider | 3 | |
35 total
» upgrades
| Ranged Weapons | 3 | |
| Armor | 2 | |
| Spiked Barricades | 2 | |
| Envenomed Spears | 1 | |
8 total
» buildings
| War Mill | 1 | |
| Altar of Storms | 2 | |
| Orc Burrow | 4 | |
| Watch Tower | 35 | |
| Stronghold | 4 | |
| Voodoo Lounge | 6 | |
| Fortress | 2 | |
| Beastiary | 3 | |
| Great Hall | 2 | |
| Farm | 3 | |
| Guard Tower | 4 | |
| Scout Tower | 8 | |
| Arcane Tower | 3 | |
77 total
» build order
00:05 War Mill
00:24 Altar of Storms
00:39 Orc Burrow
01:51 Watch Tower
01:52 Watch Tower
02:24 Watch Tower
02:39 Watch Tower
03:10 Watch Tower
03:21 Watch Tower
03:22 Watch Tower
03:31 Stronghold
04:17 Watch Tower
04:20 Watch Tower
04:28 Voodoo Lounge
05:02 Watch Tower
05:25 Watch Tower
05:38 Watch Tower
05:40 Watch Tower
07:03 Watch Tower
07:05 Watch Tower
07:14 Fortress
07:16 Beastiary
07:17 Beastiary
07:19 Orc Burrow
07:19 Orc Burrow
07:24 Beastiary
07:27 Orc Burrow
07:42 Watch Tower
08:06 Watch Tower
08:13 Watch Tower
08:15 Watch Tower
10:13 Watch Tower
10:13 Watch Tower
10:42 Watch Tower
11:25 Watch Tower
11:26 Watch Tower
11:46 Watch Tower
12:56 Watch Tower
18:00 Great Hall
18:05 Watch Tower
18:07 Watch Tower
20:14 Watch Tower
20:17 Voodoo Lounge
20:20 Watch Tower
20:20 Watch Tower
20:36 Voodoo Lounge
20:39 Stronghold
20:57 Voodoo Lounge
21:09 Watch Tower
21:12 Watch Tower
21:18 Watch Tower
21:40 Watch Tower
22:35 Great Hall
25:12 Stronghold
25:12 Stronghold
27:49 Altar of Storms
28:56 Fortress
32:40 Voodoo Lounge
33:00 Voodoo Lounge
45:33 Farm
45:36 Guard Tower
45:39 Scout Tower
45:54 Scout Tower
46:18 Farm
46:21 Guard Tower
46:33 Scout Tower
46:34 Scout Tower
46:35 Scout Tower
46:37 Scout Tower
46:39 Scout Tower
47:30 Guard Tower
47:41 Guard Tower
48:04 Farm
84:19 Arcane Tower
84:26 Scout Tower
87:04 Arcane Tower
87:04 Arcane Tower
» items
| Healing Salve | 2 | |
| Lesser Clarity Potion | 4 | |
| Orb of Lightning | 1 | |
| Potion of Healing | 1 | |
| Potion of Mana | 1 | |
| Boots of Speed | 1 | |
| Staff of Teleportation | 1 | |
| Ivory Tower | 6 | |
| Tiny Great Hall | 1 | |
| Scroll of Regeneration | 1 | |
19 total
OMGGOONRUSH (
orange | 34 APM | 3460 actions | 102:51)
8 Warden
3 Shadow Strike
3 Blink
1 Spirit of Vengeance
1 Fan of Knives
1 Pit Lord
1 Rain of Fire
» actions
| Assign group hotkey | 4 | |
| Basic commands | 11 | |
| Build / train | 75 | |
| ESC pressed | 1 | |
| Enter build submenu | 26 | |
| Enter hero's abilities submenu | 12 | |
| Give item / drop item | 24 | |
| Remove unit from queue | 1 | |
| Right click | 2307 | |
| Select / deselect | 581 | |
| Select group hotkey | 1 | |
| Use ability | 417 | |
3460 total
» units
| Wisp | 20 | |
| Druid of the Talon | 1 | |
| Hippogryph | 19 | |
40 total
» upgrades
| Well Spring | 1 | |
| Ultravision | 1 | |
| Druid of the Talon Training | 1 | |
3 total
» buildings
| Altar of Elders | 1 | |
| Moon Well | 17 | |
| Tree of Ages | 2 | |
| Tree of Life | 2 | |
| Tree of Eternity | 1 | |
| Hunter's Hall | 1 | |
| Ancient of Wind | 2 | |
26 total
» build order
00:10 Altar of Elders
00:18 Moon Well
01:56 Moon Well
03:26 Moon Well
03:41 Moon Well
04:30 Moon Well
05:34 Moon Well
06:26 Tree of Ages
07:10 Tree of Life
07:19 Moon Well
07:22 Moon Well
07:23 Moon Well
09:41 Moon Well
09:45 Moon Well
12:11 Tree of Eternity
12:17 Hunter's Hall
14:22 Moon Well
16:25 Moon Well
16:57 Tree of Ages
17:46 Tree of Life
21:06 Ancient of Wind
21:10 Ancient of Wind
29:30 Moon Well
29:33 Moon Well
30:23 Moon Well
30:26 Moon Well
» items
| Staff of Teleportation | 1 | |
| Boots of Speed | 1 | |
| Healing Salve | 2 | |
| Lesser Clarity Potion | 8 | |
| Scroll of Town Portal | 3 | |
| Orb of Lightning | 1 | |
| Potion of Lesser Invulnerability | 1 | |
17 total
team 2 (loser)
ErPY (
yellow | 39 APM | 3961 actions | 101:58)
5 Archmage
3 Blizzard
2 Brilliance Aura
4 Blood Mage
2 Flame Strike
2 Siphon Mana
3 Paladin
2 Holy Light
1 Divine Shield
» actions
| Assign group hotkey | 37 | |
| Basic commands | 441 | |
| Build / train | 124 | |
| ESC pressed | 4 | |
| Enter build submenu | 40 | |
| Enter hero's abilities submenu | 12 | |
| Give item / drop item | 6 | |
| Right click | 1431 | |
| Select / deselect | 1236 | |
| Select group hotkey | 342 | |
| Use ability | 288 | |
3961 total
» units
| Peasant | 34 | |
| Footman | 4 | |
| Rifleman | 5 | |
| Dragonhawk Rider | 27 | |
| Gryphon Rider | 3 | |
73 total
» upgrades
| Masonry | 2 | |
| Lumber Harvesting | 1 | |
| Cloud | 1 | |
| Storm Hammers | 1 | |
| Animal War Training | 1 | |
| Swords | 1 | |
7 total
» buildings
| Farm | 9 | |
| Altar of Kings | 1 | |
| Barracks | 1 | |
| Blacksmith | 1 | |
| Scout Tower | 14 | |
| Arcane Tower | 4 | |
| Lumber Mill | 1 | |
| Guard Tower | 7 | |
| Town Hall | 5 | |
| Keep | 1 | |
| Arcane Vault | 2 | |
| Castle | 1 | |
| Gryphon Aviary | 3 | |
50 total
» build order
00:10 Farm
00:12 Altar of Kings
00:21 Barracks
00:57 Farm
01:54 Blacksmith
01:59 Farm
02:24 Scout Tower
03:17 Arcane Tower
03:37 Lumber Mill
04:39 Farm
04:55 Scout Tower
05:08 Farm
05:11 Arcane Tower
05:12 Scout Tower
05:27 Guard Tower
05:29 Scout Tower
05:42 Town Hall
05:44 Scout Tower
05:45 Scout Tower
06:05 Guard Tower
06:11 Scout Tower
06:12 Guard Tower
06:18 Guard Tower
06:50 Guard Tower
06:53 Keep
07:46 Arcane Vault
08:20 Farm
09:32 Town Hall
09:34 Scout Tower
09:34 Scout Tower
10:17 Arcane Vault
10:27 Scout Tower
10:27 Scout Tower
10:28 Guard Tower
10:50 Castle
11:22 Scout Tower
11:38 Gryphon Aviary
11:53 Guard Tower
11:58 Arcane Tower
13:09 Gryphon Aviary
14:01 Gryphon Aviary
15:20 Scout Tower
18:39 Farm
22:35 Town Hall
23:18 Farm
33:03 Scout Tower
33:36 Arcane Tower
36:08 Town Hall
36:44 Town Hall
73:40 Farm
» items
| Lesser Clarity Potion | 3 | |
| Potion of Healing | 5 | |
| Staff of Sanctuary | 1 | |
| Scroll of Regeneration | 5 | |
| Scroll of Town Portal | 2 | |
16 total
shadizzle (
purple | 38 APM | 3876 actions | 102:50)
5 Far Seer
3 Feral Spirit
2 Chain Lighting
5 Tauren Chieftain
3 Shockwave
2 Endurance Aura
» actions
| Assign group hotkey | 142 | |
| Basic commands | 229 | |
| Build / train | 108 | |
| ESC pressed | 2 | |
| Enter build submenu | 14 | |
| Enter hero's abilities submenu | 12 | |
| Give item / drop item | 2 | |
| Remove unit from queue | 1 | |
| Right click | 1149 | |
| Select / deselect | 821 | |
| Select group hotkey | 1234 | |
| Use ability | 162 | |
3876 total
» units
| Peon | 9 | |
| Grunt | 20 | |
| Raider | 17 | |
| Troll Batrider | 27 | |
| Demolisher | 1 | |
74 total
» upgrades
| Berserker Strength | 1 | |
| Ensnare | 1 | |
| Liquid Fire | 1 | |
| Ranged Weapons | 3 | |
| Armor | 1 | |
7 total
» buildings
| Altar of Storms | 1 | |
| Orc Burrow | 7 | |
| Barracks | 1 | |
| Stronghold | 3 | |
| Voodoo Lounge | 1 | |
| Beastiary | 2 | |
| War Mill | 1 | |
| Fortress | 1 | |
17 total
» build order
00:05 Altar of Storms
00:16 Orc Burrow
00:34 Barracks
01:27 Orc Burrow
02:42 Stronghold
02:43 Stronghold
02:43 Stronghold
03:24 Orc Burrow
03:42 Voodoo Lounge
05:11 Beastiary
05:49 Orc Burrow
06:06 War Mill
07:24 Fortress
08:21 Orc Burrow
08:28 Beastiary
08:43 Orc Burrow
11:35 Orc Burrow
» items
| Healing Salve | 1 | |
| Potion of Healing | 2 | |
| Potion of Mana | 2 | |
| Scroll of Regeneration | 3 | |
8 total
sUpel2mAn. (
blue | 115 APM | 9095 actions | 79:11)
5 Demon Hunter
3 Mana Burn
2 Evasion
4 Priestess of the Moon
2 Trueshot Aura
1 Scout
1 Searing Arrows
» actions
| Assign group hotkey | 56 | |
| Basic commands | 497 | |
| Build / train | 107 | |
| ESC pressed | 4 | |
| Enter build submenu | 16 | |
| Enter hero's abilities submenu | 10 | |
| Give item / drop item | 2 | |
| Remove unit from queue | 2 | |
| Right click | 3792 | |
| Select / deselect | 2099 | |
| Select group hotkey | 2353 | |
| Use ability | 157 | |
9095 total
» units
| Wisp | 13 | |
| Archer | 19 | |
| Glaive Thrower | 11 | |
| Dryad | 27 | |
70 total
» upgrades
| Ultravision | 1 | |
| Vorpal Blades | 1 | |
| Improved Bows | 1 | |
| Abolish Magic | 1 | |
| Strength of the Moon | 2 | |
| Strength of the Wild | 2 | |
8 total
» buildings
| Altar of Elders | 1 | |
| Moon Well | 9 | |
| Ancient of War | 2 | |
| Tree of Ages | 3 | |
| Hunter's Hall | 1 | |
| Ancient of Lore | 2 | |
| Ancient of Wonders | 1 | |
| Tree of Eternity | 1 | |
20 total
» build order
00:10 Altar of Elders
00:30 Moon Well
00:45 Ancient of War
01:50 Moon Well
02:44 Tree of Ages
02:44 Tree of Ages
02:44 Tree of Ages
03:23 Moon Well
03:28 Moon Well
03:43 Hunter's Hall
04:26 Moon Well
04:30 Moon Well
04:51 Ancient of War
09:00 Ancient of Lore
09:02 Ancient of Lore
09:05 Ancient of Wonders
09:31 Moon Well
09:34 Moon Well
13:29 Moon Well
25:10 Tree of Eternity
» items
| Scroll of Town Portal | 1 | |
| Scroll of Regeneration | 1 | |
2 total
Chat log
(01:34 / All) OMGGOONRUSH: sup dudes
(01:38 / All) sUpel2mAn.: sup
(01:39 / All) shadizzle: hi
(01:40 / Allies) gokuman69: broz
(01:44 / All) gokuman69: anime
(01:47 / All) gokuman69: you like it?
(01:49 / All) OMGGOONRUSH: the last dudes we played against were so bad manner
(01:52 / All) shadizzle: yup
(02:06 / All) sUpel2mAn.: gl hf
(02:20 / Allies) erz: lum
(06:39 / Allies) erz: so angry
(09:02 / Allies) erz: gold
(09:51 / Allies) erz: get pitlords maybe
(09:54 / Allies) erz: or pandas
(12:59 / Allies) erz: lum
(16:37 / Allies) erz: what
(16:43 / Allies) erz: o
(18:29 / Allies) erz: lum
(21:38 / Allies) erz: lum
(25:09 / Allies) erz: rofl
(26:04 / Allies) erz: ya
(29:34 / Allies) erz: i only have 1 peasant
(29:35 / Allies) erz: fuck
(30:23 / Allies) erz: i do
(31:46 / Allies) erz: welp
(33:03 / Allies) erz: lum
(33:09 / All) sUpel2mAn.: gg
(33:14 / Allies) erz: tav rez
(33:20 / All) OMGGOONRUSH: gg
(33:26 / All) OMGGOONRUSH: you guys are awesome
(33:46 / All) sUpel2mAn.: thanks
(35:08 / All) gokuman69: gl hf
(37:47 / Allies) erz: anyone have gold
(37:48 / Allies) erz: or is this all
(38:09 / Allies) erz: someone use him
(38:10 / Allies) erz: idc
(41:01 / Allies) erz: reveals
(42:52 / All) gokuman69: welcome to high pervh
(44:33 / Allies) erz: no gold
(44:34 / Allies) erz: o
(51:46 / All) gokuman69: whats the game plan guys?
(64:48 / All) gokuman69: 7yo guys
(64:56 / All) shadizzle: YES?
(65:04 / All) gokuman69: when you quiting
(65:07 / All) shadizzle: we arent
(65:08 / All) shadizzle: when u
(67:20 / All) gokuman69: quit broz
(67:23 / All) gokuman69: you cant win
(67:29 / All) gokuman69: and we can win LOL
(69:36 / All) gokuman69: sucks
(69:40 / All) gokuman69: no raider
(70:25 / All) gokuman69: guys you should qquit
(75:06 / All) gokuman69: ty for all the unitd
(77:39 / All) gokuman69: nice hero
(79:18 / Allies) gokuman69: Gg
(91:14 / All) gokuman69: you got one building
(91:33 / All) gokuman69: you guys got vent?
(102:11 / All) OMGGOONRUSH: shadizzle is a fool
(102:17 / All) shadizzle: back
(102:20 / All) shadizzle: u guys are still here?!
(102:22 / All) gokuman69: you quitin?
(102:28 / All) shadizzle: lol well last building
(102:31 / All) gokuman69: I got 110 food
(102:41 / All) shadizzle: lol
(102:47 / All) shadizzle: great boring game
(102:48 / All) shadizzle: later